 Dungeon Sprint DCSS version 0.23.1 (webtiles) character file.

Game seed: 18237543761529182246

23072 nuthulu the Ninja (level 12, -29/74 HPs)
             Began as a Spriggan Enchanter on Mar 7, 2019.
             Was the Champion of Dithmenos.
             Killed from afar by a deep elf annihilator (30 damage)
             ... with an iron shot
             ... in the Dungeon (Sprint I: "Red Sonja").
             The game lasted 00:12:58 (1833 turns).

nuthulu the Ninja (Spriggan Enchanter)              Turns: 1833, Time: 00:12:59

Health: -29/74     AC:  3    Str:  1 (4)  XL:     12   Next: 68%
Magic:  21/25      EV: 34    Int: 14 (17) God:    Dithmenos [******]
Gold:   1268       SH:  0    Dex: 29 (30) Spells: 16/28 levels left

rFire    + + .     SeeInvis +   o - +7 dagger of Kegaipia {holy, rF+ rN+ MR+ Dex+4}
rCold    . . .     Gourm    .   (shield restricted)
rNeg     + . .     Faith    .   m - +0 troll leather armour
rPois    .         Spirit   .   (helmet restricted)
rElec    +         Reflect  .   c - -2 cloak of Lies {*Corrode rElec rF+ MR+} (curse)
rCorr    .         Harm     .   (gloves unavailable)
MR       ++++.     NoTele   +   (boots unavailable)
Stlth    ++++++++++             (no amulet)
HPRegen  0.62/turn              p - +3 ring of slaying
MPRegen  0.19/turn              h - ring of Shadows {Umbra +Inv Stlth+}

@: agile, very slightly contaminated, slowed, wreathed by umbra, quick
A: very small, unfitting armour, see invisible, herbivore, speed 3, slow
metabolism 2
a: Shadow Step, Shadow Form, Renounce Religion, Evoke Invisibility


You were in the Dungeon.
You worshipped Dithmenos.
Dithmenos was exalted by your worship.
You were not hungry.

You visited 1 branch You collected 3711 gold pieces.
You spent 2443 gold pieces at shops.

Inventory:

Hand Weapons
 a - a +4 dagger
 k - a +4 blowgun
 o - the +7 dagger of Kegaipia (weapon) {holy, rF+ rN+ MR+ Dex+4}
   (You bought it in a shop in the Dungeon)

   It has been blessed by the Shining One to cause great damage to the undead
   and demons.
   It affects your dexterity (+4).
   It protects you from fire.
   It protects you from negative energy.
   It affects your resistance to hostile enchantments.
Missiles
 n - 8 curare-tipped needles
Armour
 b - a +0 robe
 c - the cursed -2 cloak of Lies (worn) {*Corrode rElec rF+ MR+}
   (You bought it in a shop in the Dungeon)

   It protects you from fire.
   It insulates you from electricity.
   It affects your resistance to hostile enchantments.
   It may corrode you when you take damage.
   It has a curse placed upon it.
 m - a +0 troll leather armour (worn)
Jewellery
 f - an uncursed ring of protection from cold {unknown}
 h - the ring of Shadows (right hand) {Umbra +Inv Stlth+}
   (You bought it in a shop in the Dungeon)

   [ring of stealth]

   It lets you turn invisible.
   It makes you more stealthy.
 l - the ring of Peba {rElec AC+3}
   (You bought it in a shop in the Dungeon)

   [ring of protection]

   It affects your AC (+3).
   It insulates you from electricity.
 p - a +3 ring of slaying (left hand)
Wands
 i - a wand of paralysis (4)
Scrolls
 j - a scroll of blinking
 q - a scroll of identify {unknown}
 r - 2 scrolls of remove curse {unknown}
Potions
 s - a potion of degeneration
Comestibles
 d - 3 rations


   Skills:
 * Level 13.6 Fighting
 - Level 11.6 Short Blades
 + Level 20.5 Dodging
 O Level 27 Stealth
 - Level 8.8 Spellcasting
 - Level 9.2 Hexes
 * Level 2.6 Evocations


You had 16 spell levels left.
You knew the following spells:

 Your Spells              Type           Power        Failure   Level  Hunger
a - Corona                Hex            ####...      1%          1    None
b - Ensorcelled Hibernat  Hex/Ice        ###...       8%          2    None
c - Confuse               Hex            ####....     2%          3    ##.....
d - Tukima's Dance        Hex            ####....     2%          3    ##.....
e - Dazzling Spray        Conj/Hex       ###...       16%         3    ##.....

Your spell library contained the following spells:

 Spells                   Type           Power        Failure   Level  Hunger
 Magic Dart               Conj           #...         32%         1    None
 Lee's Rapid Deconstruct  Erth           #.........   100%        5    #####..
 Freezing Cloud           Conj/Ice/Air   #.........   100%        6    #######


Dungeon Overview and Level Annotations

Branches:
Dungeon (1/1)

Altars:
Cheibriados
Dithmenos
Elyvilon
Fedhas
Gozag
Hepliaklqana
Kikubaaqudgha
Makhleb
Nemelex Xobeh
Okawaru
Qazlal
Ru
Sif Muna
Trog
Uskayaw
Vehumet
Wu Jian
Xom
Yredelemnul
Zin
The Shining One
Jiyva
Lugonu

Shops:
D [[?=[:!%?(=((%[(=

Annotations:
D exclusion: oklob plant, Lom Lobon, Tiamat


Innate Abilities, Weirdness & Mutations

You are very small and have problems with some larger weapons.
You are too small for most types of armour.
You have supernaturally acute eyesight. (SInv)
You are a herbivore.
You cover ground extremely quickly.
You need to consume almost no food.


Message History

You barely miss the deep elf annihilator.
The deep elf annihilator is moderately wounded.
Your shadow hits the deep elf annihilator but does no damage.
The deep elf annihilator gestures wildly while chanting.
It was a potion of degeneration.
There was something very wrong with that liquid.
You feel weakened.
You feel dopey.
You feel clumsy.
You are no longer corroded.
The deep elf annihilator hits you but does no damage.
You feel agile all of a sudden.
The deep elf annihilator hits you with a +0 dagger!
* * * LOW HITPOINT WARNING * * *
You emit a cloud of dark smoke.
The deep elf annihilator misses you.
Unknown command.
You puncture the deep elf annihilator!
The deep elf annihilator is heavily wounded.
Your shadow hits the deep elf annihilator with a dagger.
The deep elf annihilator gestures at you while chanting.
The iron shot hits you!!
You die...

#..###$#..≈###§##...#
##.#A#$#..≈.=#§####'#
#..###$#..≈.##§#..§.##
#.##..$#..≈##.§§.§§.§##
#..#+###..≈#^^.§§§§§..#
##...#P≈.§##.§.§§§§.§.##
###.#M§§.#...§§§.§§...#
#.###e§#..§.§.[§§...#
#.#§+@§##^.^...§.§.##
####'#§##+##..........# ###
###..).#.#≈≈≈##........##
.[#####...####.#≈≈≈≈##)(.().##
...))...### ^^#≈≈≈≈≈########
....##### °####≈≈≈≈# ...## °.
#+≈≈≈+ ..## °° #≈≈# ..# °°.


You could see a deep elf annihilator.

Vanquished Creatures
  A golden dragon (D)
  A shadow dragon (D)
  4 fire giants (D)
  A hydra (D)
  2 centaur warriors (D)
  Sonja (D)
  7 unseen horrors (D)
  A deep troll (D)
  A lindwurm (D)
  An oklob plant (D)
  2 merfolk sirens (D)
  2 kobold demonologists (D)
  A hellwing (D)
  4 demonic crawlers (D)
  5 hornets (D)
  A slime creature (D)
  Sigmund (D)
  2 redbacks (D)
  A yak (D)
  13 hogs (D)
  3 floating eyes (D)
  7 necrophages (D)
  An ogre (D)
  8 jellies (D)
  Ijyb (D)
  5 ballistomycetes (D)
  A ballistomycete spore (D)
78 creatures vanquished.

Vanquished Creatures (others)
  A gargoyle (D)
  A ballistomycete spore (D)
2 creatures vanquished.

Grand Total: 80 creatures vanquished

Notes
Turn   | Place    | Note
-------+----------+-------------------------------------------
     0 | D        | nuthulu the Spriggan Enchanter began the quest for the Orb.
     0 | D        | Reached XP level 1. HP: 9/9 MP: 5/5
     1 | D        | Noticed Ijyb
     7 | D        | Killed Ijyb
     7 | D        | Reached skill level 6 in Stealth
     7 | D        | Reached skill level 5 in Hexes
     7 | D        | Reached XP level 2. HP: 13/13 MP: 5/8
    34 | D        | Learned a level 2 spell: Ensorcelled Hibernation
    34 | D        | Noticed an ogre
    37 | D        | Killed an ogre
    37 | D        | Reached skill level 9 in Stealth
    37 | D        | Reached XP level 3. HP: 16/16 MP: 9/12
    37 | D        | Reached XP level 4. HP: 21/21 MP: 9/13
    42 | D        | Learned a level 3 spell: Confuse
    46 | D        | Learned a level 3 spell: Tukima's Dance
    50 | D        | Learned a level 3 spell: Dazzling Spray
    70 | D        | Noticed Sigmund
    73 | D        | Killed Sigmund
    73 | D        | Reached skill level 12 in Stealth
    73 | D        | Reached XP level 5. HP: 24/24 MP: 12/17
    73 | D        | Reached XP level 6. HP: 28/28 MP: 12/18
   120 | D        | Found an ornate altar of the Wu Jian Council.
   120 | D        | Found a deep blue altar of Sif Muna.
   122 | D        | Found a radiant altar of Vehumet.
   126 | D        | Reached skill level 13 in Stealth
   142 | D        | Found Zopilaech's Antique Armour Emporium.
   142 | D        | Found an ancient bone altar of Kikubaaqudgha.
   142 | D        | Found a hazy altar of Hepliaklqana.
   142 | D        | Found a hide-covered altar of Uskayaw.
   142 | D        | Found a basalt altar of Yredelemnul.
   142 | D        | Found an opulent altar of Gozag.
   142 | D        | Found a snail-covered altar of Cheibriados.
   142 | D        | Found a sacrificial altar of Ru.
   142 | D        | Found a shadowy altar of Dithmenos.
   142 | D        | Noticed a yak
   143 | D        | Found a stormy altar of Qazlal.
   143 | D        | Found a blossoming altar of Fedhas.
   143 | D        | Found a bloodstained altar of Trog.
   143 | D        | Found an iron altar of Okawaru.
   143 | D        | Found a glowing golden altar of the Shining One.
   143 | D        | Found a glowing silver altar of Zin.
   143 | D        | Found a white marble altar of Elyvilon.
   144 | D        | Killed a yak
   144 | D        | Reached skill level 5 in Dodging
   144 | D        | Reached skill level 14 in Stealth
   145 | D        | Found a sparkling altar of Nemelex Xobeh.
   151 | D        | Became a worshipper of Dithmenos the Shadowed
   154 | D        | Bought a transparent cloak for 180 gold pieces
   159 | D        | Identified the cursed -2 cloak of Lies {*Corrode rElec rF+
                  | MR+} (You bought it in a shop in the Dungeon)
   169 | D        | Found a viscous altar of Jiyva.
   169 | D        | Found a corrupted altar of Lugonu.
   169 | D        | Noticed a slime creature
   170 | D        | Found a burning altar of Makhleb.
   170 | D        | Found a shimmering altar of Xom.
   172 | D        | Killed a slime creature
   172 | D        | Reached skill level 5 in Short Blades
   172 | D        | Reached skill level 15 in Stealth
   172 | D        | Reached XP level 7. HP: 32/32 MP: 20/20
   184 | D        | Noticed a kobold demonologist
   185 | D        | Noticed a kobold demonologist
   187 | D        | Killed a kobold demonologist
   187 | D        | Reached skill level 17 in Stealth
   188 | D        | Reached * piety under Dithmenos
   188 | D        | Reached XP level 8. HP: 36/36 MP: 21/21
   192 | D        | Killed a kobold demonologist
   192 | D        | Reached skill level 18 in Stealth
   240 | D        | Noticed a centaur warrior
   242 | D        | Noticed a centaur warrior
   245 | D        | Killed a centaur warrior
   245 | D        | Reached skill level 19 in Stealth
   246 | D        | Killed a centaur warrior
   246 | D        | Reached ** piety under Dithmenos
   246 | D        | Reached skill level 20 in Stealth
   246 | D        | Reached XP level 9. HP: 39/39 MP: 22/22
   257 | D        | Reached skill level 21 in Stealth
   277 | D        | Killed a gargoyle
   279 | D        | Noticed an oklob plant
   281 | D        | Killed an oklob plant
   281 | D        | Reached skill level 10 in Short Blades
   296 | D        | Noticed a deep troll
   298 | D        | Killed a deep troll
   298 | D        | Reached skill level 22 in Stealth
   304 | D        | Found Urirraju's Armour Emporium.
   333 | D        | Noticed Sonja
   336 | D        | Killed Sonja
   336 | D        | Reached *** piety under Dithmenos
   336 | D        | Reached XP level 10. HP: 44/44 MP: 23/23
   395 | D        | Reached **** piety under Dithmenos
   395 | D        | Reached skill level 23 in Stealth
   402 | D        | Found Reuferph's Weapon Boutique.
   402 | D        | Found Yri Lu Lae's Weapon Emporium.
   402 | D        | Found Bohac's Food Emporium.
   404 | D        | Found Biugiezaut's Weapon Boutique.
   404 | D        | Found Suachyol's Jewellery Shoppe.
   404 | D        | Found Eluageg's Antique Weapon Shop.
   404 | D        | Found Ulabee's Magic Scroll Emporium.
   404 | D        | Found Fejevir's Food Boutique.
   404 | D        | Found Ydigutt's Distillery.
   404 | D        | Found Abluaraz's Book Shop.
   406 | D        | Found Pel Miaps's Armour Emporium.
   409 | D        | Found Kasunorph's Jewellery Boutique.
   409 | D        | Found Liceneuq's Magic Scroll Shoppe.
   410 | D        | Found Ofomiuq's Antique Armour Shop.
   505 | D        | Noticed an unseen horror
   505 | D        | Noticed an unseen horror
   508 | D        | Reached ***** piety under Dithmenos
   544 | D        | Bought the +7 dagger of Kegaipia {holy, rF+ rN+ MR+ Dex+4}
                  | for 778 gold pieces
   548 | D        | Bought a +3 ring of slaying for 585 gold pieces
   571 | D        | Killed an unseen horror
   571 | D        | Reached skill level 15 in Dodging
   572 | D        | Killed an unseen horror
   572 | D        | Reached skill level 24 in Stealth
   574 | D        | Reached ****** piety under Dithmenos
   862 | D        | Reached skill level 5 in Fighting
   924 | D        | Noticed a lindwurm
   926 | D        | Killed a lindwurm
   926 | D        | Reached XP level 11. HP: 56/56 MP: 24/24
   945 | D        | Reached skill level 25 in Stealth
  1197 | D        | Noticed a 12-headed hydra
  1204 | D        | Noticed a daeva
  1207 | D        | Noticed an unseen horror
  1207 | D        | Noticed an unseen horror
  1207 | D        | Noticed an unseen horror
  1208 | D        | Noticed an unseen horror
  1210 | D        | Killed an unseen horror
  1211 | D        | Noticed an unseen horror
  1212 | D        | Killed an unseen horror
  1213 | D        | Killed an unseen horror
  1213 | D        | Reached skill level 26 in Stealth
  1215 | D        | Killed an unseen horror
  1217 | D        | Killed an unseen horror
  1221 | D        | Noticed a fire giant
  1224 | D        | Noticed a fire giant
  1225 | D        | Noticed a fire giant
  1226 | D        | Noticed a fire giant
  1228 | D        | Killed a fire giant
  1258 | D        | Killed a fire giant
  1258 | D        | Reached skill level 27 in Stealth
  1274 | D        | Killed a fire giant
  1274 | D        | Reached skill level 10 in Fighting
  1274 | D        | Reached XP level 12. HP: 36/68 MP: 19/25
  1375 | D        | Killed a fire giant
  1457 | D        | Identified the +4 dragonskin cloak
  1457 | D        | Noticed Tiamat
  1498 | D        | Killed a 12-headed hydra
  1516 | D        | Noticed a deep elf annihilator
  1670 | D        | Noticed a shadow dragon
  1670 | D        | Noticed a golden dragon
  1675 | D        | Killed a shadow dragon
  1677 | D        | Killed a golden dragon
  1681 | D        | Identified Sif Muna's Tome of Dusty Damage Dealing
  1736 | D        | Found Fuint's Jewellery Shoppe.
  1746 | D        | Bought the ring of Shadows {Umbra +Inv Stlth+} for 480 gold
                  | pieces
  1746 | D        | Found the ring of Shadows {Umbra +Inv Stlth+}
  1759 | D        | Bought the ring of Peba {rElec AC+3} for 420 gold pieces
  1785 | D        | Reached skill level 1 in Evocations
  1803 | D        | Noticed a mummy priest
  1821 | D        | Noticed Lom Lobon
  1827 | D        | HP: 3/72 [poison (dark miasma)]
  1832 | D        | HP: 1/74 [deep elf annihilator/+0 dagger (11)]
  1833 | D        | Killed from afar by a deep elf annihilator

Skill      XL: |  1  2  3  4  5  6  7  8  9 10 11 12 |
---------------+-------------------------------------+-----
Stealth        | 6 9 12 15 17 20 22 24 27 | 27.0
Spellcasting   | 4 6 8 |  8.8
Hexes          | 5 7 9 |  9.2
Short Blades   | 5 6 9 11 | 11.6
Dodging        | 7 9 12 14 15 18 20 | 20.5
Fighting       | 5 10 13 | 13.6
Evocations     | 2 |  2.6

Action                   |  1- 3 |  4- 6 |  7- 9 | 10-12 || total
-------------------------+-------+-------+-------+-------++-------
Melee: Dagger            |     4 |     4 |    10 |    99 ||   117
 Fire: Blowgun           |       |       |       |     1 ||     1
 Cast: Ensorcelled Hiber |       |     1 |     3 |    39 ||    43
       Confuse           |       |       |       |    10 ||    10
       Dazzling Spray    |       |       |       |    19 ||    19
       Tukima's Dance    |       |       |       |     1 ||     1
 Abil: Evoke Invisibilit |       |       |       |     1 ||     1
  Use: Potion            |     1 |       |       |    10 ||    11
       Scroll            |       |       |     3 |     1 ||     4
 Stab: Sleeping          |     2 |     4 |     9 |    49 ||    64
       Invisible         |       |       |       |     3 ||     3
       Confused          |       |       |       |     3 ||     3
       Distracted        |       |       |       |     1 ||     1
Armor: Troll leather arm |       |       |       |     1 ||     1
Dodge: Dodged            |     1 |       |     1 |    75 ||    77
